 Dungeon Crawl Stone Soup version 0.32-a0-656-g3542139ebd (webtiles) character file.

Game seed: 985371131718731779

734 kae the Carver (level 7, 0/50 HPs)
             Began as a Coglin Gladiator on Mar 8, 2024.
             Slain by Prince Ribbit (14 damage)
             ... on level 5 of the Dungeon.
             The game lasted 00:03:28 (3963 turns).

kae the Carver (Coglin Gladiator)                   Turns: 3963, Time: 00:03:29

Health: 0/50       AC:  4    Str: 15    XL:     7   Next: 74%
Magic:  7/7        EV: 12    Int:  7    God:
Gold:   875        SH:  0    Dex: 17    Spells: 6/6 levels left

rFire   + . .        a - +1 long sword {Zihan}
rCold   + . .        p - +0 falchion {Bianca}
rNeg    . . .        b - +0 leather armour
rPois   +            c - +0 helmet
rElec   +            (no cloak)
rCorr   +            (no gloves)
SInv    .            (no boots)
Will    .....        (amulet unavailable)
Stlth   +            (ring unavailable)
HPRegen 0.28/turn    (ring unavailable)
MPRegen 0.10/turn    (no gizmo)

%: no passive effects
@: resistant, revving
A: off-hand wielding, slow wielding, warmup strikes, no jewellery
a: Invent Gizmo


You were on level 5 of the Dungeon.
You visited 1 branch of the dungeon, and saw 5 of its levels.

You collected 875 gold pieces.


Innate Abilities, Weirdness & Mutations

You can wield a second weapon in your off-hand.
It takes a long time for you to wield or remove held weapons.
Your first few attacks do less damage.
You cannot equip rings or amulets.


   Skills:
 - Level 2.0 Fighting
 + Level 8.9 Long Blades
 - Level 1.7 Throwing
 - Level 2.6 Dodging


You had 6 spell levels left.
You didn't know any spells.
Your spell library contained the following spells:

 Spells                   Type           Power      Damage    Failure   Level
 Foxfire                  Conj/Fire      0%         2x1d4     50%         1
 Cigotuvi's Dreadful Rot  Necr/Alch/Air  0%         N/A       65%         2
 Dispel Undead            Necr           0%         3d6       99%         4
 Martyr's Knell           Necr/Summ      0%         N/A       99%         4
 Death Channel            Necr           0%         N/A       100%        6
 Plasma Beam              Fire/Air       0%         2x1d10    100%        6
 Starburst                Conj/Fire      0%         6d3       100%        6

Inventory:

Hand Weapons
 a - a +1 long sword (weapon) {Zihan}
 f - a +0 dagger {Ilse}
 p - a +0 falchion (offhand) {Bianca}
   (You took it off an orc on level 3 of the Dungeon)
Missiles
 d - 3 throwing nets (quivered) {=f!f}
 e - a javelin
 j - 28 stones
Armour
 b - a +0 leather armour (worn)
 c - a +0 helmet (worn)
Magical Staves
 q - a staff of death {!a}
   (You found it on level 3 of the Dungeon)
Jewellery
 o - a +4 ring of protection
   (You found it on level 3 of the Dungeon)
 F - a ring of fire
   (You found it on level 2 of the Dungeon)
 L - a ring of flight
   (You found it on level 2 of the Dungeon)
 O - a +4 ring of protection
   (You found it on level 1 of the Dungeon)
Wands
 s - a wand of polymorph (9)
   (You took it off an orc on level 4 of the Dungeon)
Scrolls
 g - 3 scrolls of identify {@r1}
 m - a scroll of torment {!r}
 n - a scroll of teleportation {@r4}
 r - 2 scrolls of fog {unknown}
 t - a scroll of enchant armour {unknown}
Potions
 h - 2 potions of lignification {!q}
 i - a potion of invisibility
 k - a potion of magic
 l - 4 potions of haste {@q3}

Dungeon Overview and Level Annotations

Branches:
Dungeon (5/15) Zot: 26028
 Temple: D:4-7

Altars:
Cheibriados
Gozag
Ru

Annotations:
D:3 Grinder
D:5 Prince Ribbit

##### .....
#...###
#.#..P##
#.....@#
#....F♣#
#.P♣~♣.♣##
#.~~.~s.P#
#P~~~♣~..#
#♣~♣~~♣♣...#
#..~~~~♣
P###
#....~~~~ .#
#.#♣..♣~~. #


You could see Prince Ribbit.


Message History

You barely miss the iguana with your +1 long sword.
The iguana bites you.
You hit the iguana but do no damage.
You slash the iguana with your +1 long sword!
The iguana barely misses you. 😕 HP[-3]
You take 3 damage, and now have 47/50 hp.
An iguana is nearby!
You hit the iguana but do no damage.
You slash the iguana with your +1 long sword!
You kill the iguana!
No target in view!
You see here an iguana corpse.
You now have 863 gold pieces (gained 10).
Found a stone staircase leading down. 😎 HP[+3]
Your hp is fully restored (50).
Key pressed, stopping explore.
No target in view!
No target in view!
You now have 875 gold pieces (gained 12).
Key pressed, stopping explore.
No target in view!
No target in view!
You open the door.
There is an open door here.
Key pressed, stopping explore.
No target in view!
No target in view!
You see here a +0 giant club.
Items here: )))))) [[[[ ÷÷÷.
There is a stone staircase leading up, spattered with blood here.
You see here a +0 hand axe.
There is a stone staircase leading up, spattered with blood here.
Items here: )))))) [[[[ ÷÷÷.
Key pressed, stopping explore.
No target in view!
No target in view!
r - 2 scrolls labelled HUCEGO NAMADA (gained 1)
Found a stone staircase leading down.
You see here a +0 buckler.
No target in view!
No target in view!
Found a stone staircase leading up.
No target in view!
No target in view!
A malevolent force fills the Dungeon... and a teleportation trap spontaneously manifests!
You are yanked towards a nearby monster!
Your surroundings suddenly seem different.
Splash!
You fall into the shallow water.
Moving in this stuff is going to be slow.
Prince Ribbit comes into view.
Prince Ribbit gives a loud, deep croak!
Prince Ribbit blinks!
Prince Ribbit is nearby!
Unknown command.
Prince Ribbit is nearby!
Prince Ribbit is nearby!
Prince Ribbit completely misses you.
Prince Ribbit blinks!
A scorpion comes into view.
Prince Ribbit closely misses you.
Prince Ribbit hits you but does no damage.
Unknown command.
Prince Ribbit completely misses you.
The scorpion stings you but does no damage.
Prince Ribbit hits you! The scorpion stings you. 😮 HP[-13]
You take 13 damage, and now have 37/50 hp.
MASSIVE DAMAGE!! (PAUSE) Prince Ribbit hops awkwardly around.
Prince Ribbit attacks as he pursues you!
Prince Ribbit closely misses you. Prince Ribbit hits you. 😮 HP[-2]
You take 2 damage, and now have 35/50 hp.
Prince Ribbit attacks as he pursues you!
Prince Ribbit hits you but does no damage.
Unknown command.
You miss Prince Ribbit with your +0 falchion.
You miss Prince Ribbit with your +1 long sword.
Prince Ribbit hits you!
* * * LOW HITPOINT WARNING * * *
😨 HP[-11]
You take 11 damage, and now have 24/50 hp.
MASSIVE DAMAGE!! (PAUSE)
You barely miss Prince Ribbit with your +0 falchion.
You barely miss Prince Ribbit with your +1 long sword.
Prince Ribbit hits you!
* * * LOW HITPOINT WARNING * * *
Prince Ribbit barely misses you. 😨 HP[-10]
You take 10 damage, and now have 14/50 hp.
You miss Prince Ribbit with your +0 falchion.
You barely miss Prince Ribbit with your +1 long sword.
Prince Ribbit closely misses you.
Unknown command.
It was a potion of resistance.
You feel protected. Prince Ribbit hits you!
You die...

Skill      XL: |  1  2  3  4  5  6  7 |
---------------+----------------------+-----
Long Blades    | 4 5 6 7 8 |  8.9
Fighting       | |  2.0
Throwing       | |  1.7
Dodging        | |  2.6

Action                     |  1- 3 |  4- 6 |  7- 9 || total
---------------------------+-------+-------+-------++-------
  Melee: Long sword        |    80 |    74 |    46 ||   200
         Dagger            |    69 |     8 |       ||    77
         Falchion          |       |    62 |    44 ||   106
         Unarmed           |       |       |     3 ||     3
    Use: Scroll            |     6 |     4 |       ||    10
         Potion            |     2 |       |     1 ||     3
   Stab: Sleeping          |     1 |     1 |       ||     2
 Armour: Leather armour    |    49 |    44 |    32 ||   125
         Skin              |    60 |       |     1 ||    61
  Dodge: Dodged            |    40 |    56 |    21 ||   117

Levels and vault maps discovered:
D:1:      nicolae_arrival_memento_mori, layout_basic
D:2:      layout_rooms
D:3:      layout_loops_ring, nicolae_overflow_crystal_walls,
          cheibriados_altar_1, hellmonk_ecumenical_altar_run_dry, uniq_grinder,
          uniq_jessica
D:4:      layout_basic, grunt_decor_fettered, kennysheep_generic_room_4
D:5:      layout_loops_ring, fedhas_altar_decomposition, hangedman_ru_absence,
          serial_bayou_pond_a, uniq_prince_ribbit1, uniq_sigmund

Notes
Turn   | Place    | Note
-------+----------+-------------------------------------------
     0 | D:1      | kae the Coglin Gladiator began the quest for the Orb.
     0 | D:1      | Reached XP level 1. HP: 16/16 MP: 1/1
     0 | D:1      | magus.rc [v1.11.3]
   132 | D:1      | Reached XP level 2. HP: 19/22 MP: 2/2
  1112 | D:2      | Reached skill level 4 in Long Blades
  1116 | D:2      | Identified a scroll of acquirement
  1116 | D:2      | Acquired 606 gold pieces
  1227 | D:2      | Reached XP level 3. HP: 19/27 MP: 3/3
  1314 | D:2      | HP: 10/40 [ribbon worm (3)]
  1433 | D:2      | Reached XP level 4. HP: 29/33 MP: 4/4
  1790 | D:3      | Found a faded altar of an unknown god.
  1812 | D:3      | Found an opulent altar of Gozag.
  1913 | D:3      | Reached skill level 5 in Long Blades
  2009 | D:3      | You pick up a book of Decay and begin reading...
  2009 | D:3      | You add the spells Cigotuvi's Dreadful Rot, Dispel Undead,
                  | Martyr's Knell and Death Channel to your library.
  2015 | D:3      | You pick up a book of Fire and begin reading...
  2015 | D:3      | You add the spells Foxfire, Plasma Beam and Starburst to
                  | your library.
  2021 | D:3      | Noticed Jessica
  2029 | D:3      | Killed Jessica
  2297 | D:3      | Found a snail-covered altar of Cheibriados.
  2322 | D:3      | Noticed Grinder
  2402 | D:3      | Reached XP level 5. HP: 38/38 MP: 5/5
  2481 | D:4      | Noticed a phantom
  2490 | D:4      | Killed a phantom
  2491 | D:4      | Reached skill level 6 in Long Blades
  2677 | D:4      | Reached XP level 6. HP: 24/44 MP: 6/6
  2903 | D:4      | Reached skill level 7 in Long Blades
  3217 | D:4      | Reached XP level 7. HP: 29/50 MP: 7/7
  3499 | D:4      | Reached skill level 8 in Long Blades
  3568 | D:5      | Entered Level 5 of the Dungeon
  3793 | D:5      | Found a sacrificial altar of Ru.
  3954 | D:5      | Noticed Prince Ribbit
  3963 | D:5      | Slain by Prince Ribbit

Vanquished Creatures
  2 ogres
  2 phantoms (D:4)
  A scorpion (D:4)
  A jelly (D:4)
  An orc priest (D:5)
  A bombardier beetle (D:4)
  Jessica (D:3)
  4 iguanas
  2 orc wizards (D:5)
  4 adders
  A dart slug (D:2)
  3 ribbon worms (D:2)
  8 orcs
  7 ball pythons
  5 bats
  4 endoplasms
  4 giant cockroaches
  9 goblins
  4 hobgoblins
  4 quokkas
  2 frilled lizards
  4 kobolds
  2 rats
76 creatures vanquished.

Table legend:
 A = Non-vault XP
 B = Vault XP
 C = Vault XP percentage of total XP
 D = Non-vault monster count
 E = Vault monster count
 F = Vault count percentage of total count
                 A         B        C        D         E       F
            +---------+---------+-------+---------+---------+-------
      Total |    1012 |      37 |   3.5 |      75 |       1 |   1.3
            +---------+---------+-------+---------+---------+-------
        D:1 |      27 |       0 |   0.0 |      16 |       0 |   0.0
        D:2 |      61 |       0 |   0.0 |      17 |       0 |   0.0
        D:3 |      41 |      37 |  47.4 |      11 |       1 |   8.3
        D:4 |     589 |       0 |   0.0 |      20 |       0 |   0.0
        D:5 |     294 |       0 |   0.0 |      11 |       0 |   0.0
            +---------+---------+-------+---------+---------+-------

Skill      XL: |  1  2  3  4  5  6  7 |
---------------+----------------------+-----
Long Blades    | 4 5 6 7 8 |  8.9
Fighting       | |  2.0
Throwing       | |  1.7
Dodging        | |  2.6

Action                     |  1- 3 |  4- 6 |  7- 9 || total
---------------------------+-------+-------+-------++-------
  Melee: Long sword        |    80 |    74 |    46 ||   200
         Dagger            |    69 |     8 |       ||    77
         Falchion          |       |    62 |    44 ||   106
         Unarmed           |       |       |     3 ||     3
    Use: Scroll            |     6 |     4 |       ||    10
         Potion            |     2 |       |     1 ||     3
   Stab: Sleeping          |     1 |     1 |       ||     2
 Armour: Leather armour    |    49 |    44 |    32 ||   125
         Skin              |    60 |       |     1 ||    61
  Dodge: Dodged            |    40 |    56 |    21 ||   117

Illustrated notes

Table legend:
 A = Kills in this place as a percentage of kills in the entire game.
 B = Kills by you in this place as a percentage of kills by you in the entire game.
 C = Kills by friends in this place as a percentage of kills by friends in the entire game.
 D = Other kills in this place as a percentage of other kills in the entire game.
 E = Experience gained in this place as a percentage of experience gained in the entire game.
 F = Experience gained in this place divided by the number of levels of this place that you have seen.
                   A       B       C       D       E      F
               +-------+-------+-------+-------+-------+----------------------
         Total | 100.0 | 100.0 |   N/A |   N/A | 100.0 | 209.8
       Dungeon | 100.0 | 100.0 |   N/A |   N/A | 100.0 | 209.8
               +-------+-------+-------+-------+-------+----------------------

Table legend: (Time is in decaauts)
 A = Elapsed time spent in this place.
 B = Non-inter-level travel time spent in this place.
 C = Inter-level travel time spent in this place.
 D = Time resting spent in this place.
 E = Time spent auto-exploring this place.
 F = Levels seen in this place.
 G = Mean time per level.
                   A        B        C        D        E       F      G
               +--------+--------+--------+--------+--------+-----+--------+
         Total |   3970 |   3680 |    290 |    218 |   2908 |   5 |  794.0 |
       Dungeon |   3970 |   3680 |    290 |    218 |   2908 |   5 |  794.0 |
               +--------+--------+--------+--------+--------+-----+--------+

Top non-repeatable levels by time:
     D:1: 1207 daAuts
     D:4: 1198 daAuts
     D:3: 655 daAuts
     D:2: 584 daAuts
     D:5: 324 daAuts
